 Dungeon Crawl Stone Soup version 0.31-a0-466-g98c9adc2b6 (webtiles) character file.

Game seed: 15240298518625140902

0 Midn8 the Changeling (level 1, -1/11 HPs)
             Began as a Deep Elf Shapeshifter on Aug 5, 2023.
             Slain by a ball python (3 damage)
             ... on level 1 of the Dungeon.
             The game lasted 00:00:12 (119 turns).

Midn8 the Changeling (Deep Elf Shapeshifter)         Turns: 119, Time: 00:00:13

Health: -1/11      AC:  2    Str: 12    XL:     1   Next: 8%
Magic:  3/3        EV:  9    Int: 12    God:
Gold:   10         SH:  0    Dex: 15    Spells: 0/0 levels left

rFire   . . .        e - +0 quarterstaff
rCold   . . .        (shield currently unavailable)
rNeg    . . .        a - +0 animal skin
rPois   .            (helmet currently unavailable)
rElec   .            (cloak currently unavailable)
rCorr   .            (gloves currently unavailable)
SInv    .            (boots currently unavailable)
Will    .....        (no amulet)
Stlth   +            (no ring)
HPRegen 0.21/turn    (no ring)
MPRegen 0.08/turn

%: no passive effects
@: beast-form, constricted
A: beast (slay +2)
a: Begin Untransformation


You were on level 1 of the Dungeon.
You were a hulking beast.
You visited 1 branch of the dungeon, and saw 1 of its levels.

You collected 10 gold pieces.

Inventory:

Hand Weapons
 e - a +0 quarterstaff (weapon)
Armour
 a - a +0 animal skin (worn)
Jewellery
 d - a ring of see invisible
Talismans
 c - a beast talisman (active)
Potions
 b - a potion of lignification


   Skills:
 - Level 0.7 Fighting
 - Level 2.4 Dodging
 + Level 0.3 Stealth
 - Level 2.4 Unarmed Combat
 - Level 3.2 Shapeshifting


You couldn't memorise any spells.
You didn't know any spells.
Your spell library was empty.

Dungeon Overview and Level Annotations

Branches:
Dungeon (1/15)

Altars:


Message History

Welcome, Midn8 the Deep Elf Shapeshifter.
Are you destined to find the fantabulous Orb of Zot, or to die trying?
Press ? for a list of commands and other information.
Found a staircase leading out of the dungeon.
You now have 10 gold pieces.
A bat comes into view.
The bat barely misses you.
You closely miss the bat. The bat barely misses you.
You hit the bat.
You kill the bat!
No target in view!
d - a ring of see invisible
Found a quarterstaff.
A ball python and an endoplasm come into view.
Found a fuming inky potion and a barding.
The endoplasm quivers.
You see here a +0 quarterstaff.
e - a +0 quarterstaff
e - a +0 quarterstaff (weapon)
You barely miss the endoplasm.
The ball python hisses angrily.
The endoplasm freezes you.
You are frozen.
You barely miss the endoplasm. The endoplasm freezes you.
You are frozen.
The endoplasm barely misses you.
You hit the endoplasm.
The endoplasm is heavily wounded.
The endoplasm freezes you.
You are frozen.
* * * LOW HITPOINT WARNING * * *
You sock the endoplasm!
You kill the endoplasm!
The ball python closely misses you. The ball python grabs you.
The ball python constricts you. The ball python bites you.
You die...

#.#.. .. #.#.
#.... ..##.#[
##### .......##
# ........##
......!..#
#........###.##
#.....S........
#......h#####
#...........#
#.......###.#
######### #.#
#.############
#.............
##############


You could see a ball python.

Vanquished Creatures
  An endoplasm (D:1)
  A bat (D:1)
2 creatures vanquished.

Notes
Turn   | Place    | Note
-------+----------+-------------------------------------------
     0 | D:1      | Midn8 the Deep Elf Shapeshifter began the quest for the
                  | Orb.
     0 | D:1      | Reached XP level 1. HP: 11/11 MP: 3/3
   119 | D:1      | Slain by a ball python

Illustrated notes

Levels and vault maps discovered:
D:1:      dpeg_chamrin_arrival_tetris, layout_loops_ring

Action                     || total
---------------------------++-------
  Melee: Quarterstaff      ||     4
         Unarmed           ||     2
  Dodge: Dodged            ||     4

Table legend: (Time is in decaauts)
 A = Elapsed time spent in this place.
 B = Non-inter-level travel time spent in this place.
 C = Inter-level travel time spent in this place.
 D = Time resting spent in this place.
 E = Time spent auto-exploring this place.
 F = Levels seen in this place.
 G = Mean time per level.
                   A        B        C        D        E       F      G
               +--------+--------+--------+--------+--------+-----+--------+
         Total |    119 |    119 |      0 |      0 |    106 |   1 |  119.0 |
       Dungeon |    119 |    119 |      0 |      0 |    106 |   1 |  119.0 |
               +--------+--------+--------+--------+--------+-----+--------+

Top non-repeatable levels by time:
     D:1: 119 daAuts
